 Dungeon Crawl Stone Soup version 0.17.0-73-gb648821 (webtiles) character file.

25 PriceChild the Magician (level 3, -9/24 HPs)
             Began as a Human Wizard on Dec 9, 2015.
             Was an Initiate of Sif Muna.
             Killed by the anger of Yredelemnul (25 damage)
             ... on level 2 of the Dungeon.
             The game lasted 00:14:08 (2014 turns).

PriceChild the Magician (Human Wizard)              Turns: 2014, Time: 00:14:09

Health: -9/24      AC:  2    Str:  7    XL:     3   Next: 17%
Magic:  1/8        EV: 12    Int: 19    God:    Sif Muna [......]
Gold:   116        SH:  0    Dex: 11    Spells: 2 memorised, 6 levels left

rFire  . . .     SeeInvis .     w - +0 quarterstaff
rCold  . . .     Clarity  .     x - +0 robe
rNeg   . . .     SustAt   .     (shield currently unavailable)
rPois  .         Gourm    .     b - +0 hat
rElec  .         Spirit   .     (no cloak)
rCorr  .         Warding  .     (no gloves)
rMut   .         Stasis   .     (no boots)
MR     .....                    (no amulet)
Stlth  ++........               (no ring)
                                (no ring)

@: very slightly contaminated, not resistant to hostile enchantments, unstealthy
A: no striking features
a: Renounce Religion


You were on level 2 of the Dungeon.
You worshipped Sif Muna.
Sif Muna was noncommittal.
You were very hungry.

You visited 1 branch of the dungeon, and saw 2 of its levels.

You collected 116 gold pieces.

Inventory:

Hand Weapons
 e - a +0 club
 f - a +0 dagger
 o - a +0 dagger
 p - a +0 dagger
 q - a +0 dagger
 u - a +0 hand axe
 v - a +0 dagger
 w - a +0 quarterstaff (weapon)
Missiles
 g - 17 poisoned arrows
 h - 25 poisoned needles
 r - 33 stones (quivered)
Armour
 a - a +0 robe
 b - a +0 hat (worn)
 x - a +0 robe (worn)
Scrolls
 s - a scroll of immolation
 t - a scroll of magic mapping {unknown}
 y - a scroll of teleportation {unknown}
 A - a scroll of identify
Potions
 k - a potion of brilliance {unknown}
 l - a potion of curing
 m - 2 potions of flight {unknown}
 n - a potion of lignification {unknown}
 z - a potion of heal wounds {unknown}
 C - a potion of might {unknown}
Books
 c - a book of Minor Magic

   Spells                             Type                      Level
   a - Magic Dart                     Conjuration                  1
   b - Blink                          Translocation                2
   c - Call Imp                       Summoning                    2
   d - Repel Missiles                 Charms/Air                   2
   e - Slow                           Hexes                        2
   f - Conjure Flame                  Conjuration/Fire             3
   g - Mephitic Cloud                 Conjuration/Poison/Air       3
Comestibles
 d - 2 bread rations
 i - 2 fruits
 j - 2 meat rations
 B - a beef jerky


   Skills:
 * Level 0.2 Staves
 + Level 2.1 Dodging
 + Level 2.2 Stealth
 + Level 3.6 Spellcasting
 + Level 1.0 Conjurations
 + Level 1.2 Summonings
   Level 1.0 Translocations


You had 6 spell levels left.
You knew the following spells:

 Your Spells              Type           Power        Failure   Level  Hunger
a - Magic Dart            Conj           #...         12%         1    None
b - Call Imp              Summ           #.......     14%         2    ##.....


Dungeon Overview and Level Annotations

Branches:
Dungeon (2/15)

Altars:
Ru
Sif Muna
Yredelemnul


Message History

The jackal is almost dead.
The jackal closely misses you. x2
You hit the jackal.
You kill the jackal!
The hobgoblin barely misses you.
Casting: Magic Dart
Confirm with . or Enter, or press ? or * to list all spells.
Aiming: Magic Dart
Press: ? - help, Shift-Dir - straight line, f - hobgoblin
Aim: a hobgoblin The magic dart hits the hobgoblin.
The hobgoblin is heavily wounded.
The hobgoblin closely misses you.
You hit the hobgoblin.
You kill the hobgoblin!
You start resting.
Yredelemnul's anger turns toward you for a moment.
You convulse helplessly as pain tears through your body!
Ouch! That really hurt!
You die...

#.# # #####.# #.#
#.......######.
#.#####..###.....hh?.
#.#.......##.g#
.............†#
..#..#.#..##.5##
...............#
#..............#######..
#.#.....#.#.....@.......
#.#...........########..
#.####...###..#
#.###...#####.#########.#
#..........##...........#
##....)....##.#########.#
...........#...#
##..........#.##
#.##......####


There were no monsters in sight!

Vanquished Creatures
  A giant gecko (D:1)
  2 bats (D:1)
  7 hobgoblins
  3 jackals (D:2)
  2 kobolds
  A rat (D:1)
16 creatures vanquished.

Vanquished Creatures (collateral kills)
  2 hobgoblins (D:1)
  A jackal (D:2)
  2 kobolds (D:1)
5 creatures vanquished.

Grand Total: 21 creatures vanquished

Notes
Turn   | Place    | Note
--------------------------------------------------------------
     0 | D:1      | PriceChild the Human Wizard began the quest for the Orb.
     0 | D:1      | Reached XP level 1. HP: 13/13 MP: 4/4
   449 | D:1      | Reached XP level 2. HP: 19/19 MP: 1/6
   500 | D:1      | Learned a level 2 spell: Call Imp
  1701 | D:2      | Found a sacrificial altar of Ru.
  1701 | D:2      | Found a deep blue altar of Sif Muna.
  1724 | D:2      | Found a basalt altar of Yredelemnul.
  1730 | D:2      | Became a worshipper of Yredelemnul the Dark
  1765 | D:2      | Fell from the grace of Yredelemnul
  1765 | D:2      | Became a worshipper of Sif Muna the Loreminder
  1991 | D:2      | Reached XP level 3. HP: 17/24 MP: 1/8
  2014 | D:2      | Killed by the anger of Yredelemnul

Action                   || total
-------------------------++-------
Melee: Unarmed           ||    17
       Dagger            ||     6
       Quarterstaff      ||    13
Throw: Stone             ||     2
 Cast: Magic Dart        ||    33
       Call Imp          ||     8
  Use: Scroll            ||     3
  Eat: Fruit             ||     3
